 Dungeon Crawl Stone Soup version 0.23-a0-183-gf37f6fb (webtiles) character file.

392 namelastname112 the Sneak (level 6, -4/51 HPs)
             Began as a Draconian Assassin on Sept 21, 2018.
             Slain by an orc priest
             ... wielding a +0 trident
              (5 damage)
             ... on level 4 of the Dungeon.
             The game lasted 00:04:41 (3024 turns).

namelastname112 the Sneak (Draconian Assassin)      Turns: 3024, Time: 00:04:42

Health: -4/51      AC:  7    Str: 11 (13) XL:     6   Next: 50%
Magic:  6/6        EV: 12    Int:  7 (10) God:
Gold:   293        SH:  0    Dex: 14 (16) Spells: 5/5 levels left

rFire    . . .     SeeInvis .   a - +1 dagger (venom)
rCold    . . .     Gourm    .   (no shield)
rNeg     . . .     Faith    .   (armour unavailable)
rPois    +         Spirit   .   (helmet restricted)
rElec    .         Reflect  .   c - +0 cloak
rCorr    .         Harm     .   (no gloves)
MR       .....                  (no boots)
Stlth    +++.......             x - amulet of rage
HPRegen  0.17/turn              m - ring of poison resistance (curse)
MPRegen  0.10/turn              (no ring)

@: no status effects
A: unfitting armour, agile 1, blurry vision 1, dopey 1, cold-blooded, subdued
magic 1, AC +6
a: Evoke Berserk Rage


You were on level 4 of the Dungeon.
You were not hungry.

You visited 1 branch of the dungeon, and saw 4 of its levels.

You collected 293 gold pieces.

Inventory:

Hand Weapons
 a - a +1 dagger of venom (weapon)
 b - a +0 blowgun
Missiles
 d - 8 poisoned needles
 e - 4 curare-tipped needles
Armour
 c - a +0 cloak (worn)
Jewellery
 m - a cursed ring of poison resistance (left hand)
 x - an amulet of rage (around neck)
Wands
 u - a wand of scattershot (5)
Scrolls
 j - a scroll of fear {unknown}
 l - 2 scrolls of amnesia {unknown}
 o - 3 scrolls of identify {unknown}
 p - a scroll of fog {unknown}
 r - 4 scrolls of teleportation {unknown}
 s - a scroll of enchant armour {unknown}
 t - 3 scrolls of enchant weapon {unknown}
 v - a scroll of remove curse {unknown}
Comestibles
 f - 3 rations


   Skills:
 + Level 3.4 Fighting
 * Level 4.0 Short Blades
 + Level 2.9 Throwing
 + Level 2.2 Dodging
 * Level 5.1 Stealth


You had 5 spell levels left.
You didn't know any spells.
Your spell library was empty.

Dungeon Overview and Level Annotations

Branches:
Dungeon (4/15)
 Temple: D:4-7

Altars:
Trog

Shops:
D:4 =


Innate Abilities, Weirdness & Mutations

Your plain brown scales are hard. (AC +6)
You cannot fit into any form of body armour.
You are cold-blooded and may be slowed by cold attacks.
You are agile. (Dex +2)
Scrolls take you a little longer to read.
You are dopey. (Int -2)
Your spells are a little easier to cast, but a little less powerful.


Message History

* * * LOW HITPOINT WARNING * * *
The orc priest looks braver for a moment.
You take 1 damage, and have 6/51 hp.
It was a potion of flight.
You feel very buoyant.
You fly up into the air.
The hound completely misses you. The orc closely misses you.
The orc priest misses you.
It was a potion of brilliance.
You feel clever all of a sudden. The hound bites you but does no damage.
The orc misses you. The hound misses you. The orc priest barely misses you.
It was a potion of cancellation.
Your magical effects are unravelling.
You feel magically purged.
You float gracefully downwards.
You feel a little less clever now.
You feel a little less agile now. The hound bites you.
* * * LOW HITPOINT WARNING * * *
The orc hits you but does no damage.
The orc priest hits you from afar with a trident.
You die...

#.#. ..⌠.. #.#. ..... ....
#...# #... ##...## #..# +#
8...8# ######.o#####...
#...## #......ho.......
#†..## #.......@)......
##...## #............#+#
#8...8# #####..######.#
##...##
#...$.........#####.....
#....................+..
#.##............#########..
#......)........# #..
#####...........# #..
####...........# #..


You could see a hound, an orc priest and an orc.

Vanquished Creatures
  An ogre (D:3)
  2 orc priests (D:4)
  An orc wizard (D:4)
  8 gnolls
  A howler monkey skeleton (D:4)
  5 adders
  2 worms
  3 dart slugs
  3 leopard geckos
  10 orcs
  5 bats
  5 giant cockroaches
  3 goblins
  6 hobgoblins
  2 jackals (D:1)
  A quokka (D:2)
  A ball python (D:3)
  5 frilled lizards
  10 kobolds
  6 rats
  A fungus (D:3)
81 creatures vanquished.

Notes
Turn   | Place    | Note
-------+----------+-------------------------------------------
     0 | D:1      | namelastname112 the Draconian Assassin began the quest for
                  | the Orb.
     0 | D:1      | Reached XP level 1. HP: 17/17 MP: 1/1
    92 | D:1      | Reached skill level 1 in Dodging
   104 | D:1      | Reached XP level 2. HP: 15/24 MP: 2/2
   645 | D:2      | Reached XP level 3. HP: 21/30 MP: 3/3
   707 | D:2      | Reached skill level 4 in Stealth
   859 | D:2      | Reached XP level 4. HP: 35/37 MP: 4/4
  1447 | D:3      | Reached XP level 5. HP: 40/44 MP: 5/5
  1532 | D:3      | Noticed an ogre
  2196 | D:3      | Killed an ogre
  2461 | D:3      | Reached XP level 6. HP: 51/51 MP: 6/6
  2466 | D:3      | Found a bloodstained altar of Trog.
  2675 | D:4      | Found Ikliat's Jewellery Shop.
  2730 | D:4      | Reached skill level 5 in Stealth
  3020 | D:4      | Gained mutation: Scrolls take you a little longer to read.
                  | [potion of mutation]
  3020 | D:4      | Gained mutation: You are dopey. (Int -2) [potion of
                  | mutation]
  3020 | D:4      | Gained mutation: Your spells are a little easier to cast,
                  | but a little less powerful. [potion of mutation]
  3020 | D:4      | Gained mutation: You are agile. (Dex +2) [potion of
                  | mutation]
  3024 | D:4      | HP: 1/51 [hound (6)]
  3024 | D:4      | Slain by an orc priest

Vault maps used:
D:1:      minmay_arrival_four_houses, kennysheep_doodads
D:3:      marbit_many_paths, minmay_gold_behind_fungi, hex_large
D:4:      lemuel_crystal_altar, serial_corexii_hall, corexii_hall_statues_x,
          corexii_hall_statues_x, corexii_hall_statues_u, first_ration,
          serial_shops, shop_fountains

Skill      XL: |  1  2  3  4  5  6 |
---------------+-------------------+-----
Dodging        | 1 2 |  2.2
Throwing       | 2 |  2.9
Stealth        | 4 5 |  5.1
Short Blades   | 3 4 |  4.0
Fighting       | 3 |  3.4

Action                   |  1- 3 |  4- 6 || total
-------------------------+-------+-------++-------
Melee: Dagger            |    94 |   176 ||   270
       Tailslap          |    10 |    26 ||    36
 Fire: Blowgun           |       |     5 ||     5
  Use: Potion            |       |     7 ||     7
 Stab: Sleeping          |     4 |     3 ||     7
  Eat: Chunk             |       |     7 ||     7
Armor: Skin              |    38 |    45 ||    83
Dodge: Dodged            |    48 |    97 ||   145

Table legend:
 A = Non-vault XP
 B = Vault XP
 C = Vault XP percentage of total XP
 D = Non-vault monster count
 E = Vault monster count
 F = Vault count percentage of total count
                 A         B        C        D         E       F
            +---------+---------+-------+---------+---------+-------
      Total |     559 |       1 |   0.2 |      79 |       1 |   1.2
            +---------+---------+-------+---------+---------+-------
        D:1 |      31 |       0 |   0.0 |      17 |       0 |   0.0
        D:2 |     156 |       0 |   0.0 |      31 |       0 |   0.0
        D:3 |     194 |       1 |   0.5 |      17 |       1 |   5.6
        D:4 |     178 |       0 |   0.0 |      14 |       0 |   0.0
            +---------+---------+-------+---------+---------+-------
